 Dungeon Crawl Stone Soup version 0.26.0-16-gc1dbca0489 (webtiles) character file.

Game seed: 2311828133739941354

2102 thiole the Covert (level 9, -6/60 HPs)
             Began as an Octopode Hedge Wizard on Jan 21, 2021.
             Mangled by a killer bee (7 damage)
             ... on level 6 of the Dungeon.
             The game lasted 00:28:29 (9333 turns).

thiole the Covert (Octopode Hedge Wizard)           Turns: 9333, Time: 00:28:29

Health: -6/60      AC:  2    Str:  9    XL:     9   Next: 28%
Magic:  5/18       EV: 13    Int: 22    God:
Gold:   281        SH:  0    Dex: 13    Spells: 10/20 levels left

rFire    x x .     SeeInvis .   n - +1 short sword (venom)
rCold    + + .     Faith    .   (no shield)
rNeg     . . .     Spirit   .   b - +1 hat
rPois    .         Reflect  .   f - amulet of magic regeneration
rElec    .         Harm     .   l - ring of willpower
rCorr    +         Rampage  .   r - ring of willpower
Will     +++..                  t - ring of ice
Stlth    +++++.....             h - ring of resist corrosion
HPRegen  0.20/turn              x - ring of ice
MPRegen  0.41/turn              (no ring)
                                (no ring)
                                (no ring)

@: mighty, lethally poisoned (-6 -> -25)
A: almost no armour, stealthy swim, amphibious, 8 rings, constrict 8, camouflage
1, agile 1, clever 1, strong-willed 1, gelatinous body 1, MP-powered wands
a: no special abilities


You were on level 6 of the Dungeon.
You visited 1 branch of the dungeon, and saw 7 of its levels.

You collected 281 gold pieces.

Inventory:

Hand Weapons
 a - a +0 dagger
 n - a +1 short sword of venom (weapon)
 z - a +4 halberd
Armour
 b - a +1 hat (worn)
Jewellery
 f - an amulet of magic regeneration (around mantle)
 h - a ring of resist corrosion (on tentacle)
 l - a ring of willpower (left tentacle)
 r - a ring of willpower (right tentacle)
 t - a ring of ice (on tentacle)
 x - a ring of ice (on tentacle)
Wands
 d - a wand of iceblast (3)
 u - a wand of digging (2)
Scrolls
 k - 5 scrolls of remove curse
 q - a scroll of immolation
 y - a scroll of fear {unknown}


   Skills:
 + Level 4.9 Fighting
 - Level 2.0 Dodging
 + Level 9.0 Stealth
 + Level 6.0 Spellcasting
 - Level 2.0 Conjurations
 - Level 2.0 Hexes
 - Level 2.0 Summonings
 - Level 2.0 Translocations
 - Level 4.0 Air Magic
 - Level 2.0 Poison Magic
 - Level 3.0 Evocations


You had 10 spell levels left.
You knew the following spells:

 Your Spells              Type           Power        Failure   Level
a - Magic Dart            Conj           60%          4%          1
b - Call Imp              Summ           15%          6%          2
c - Blink                 Tloc           N/A          6%          2
d - Slow                  Hex            15%          6%          2
e - Mephitic Cloud        Conj/Pois/Air  18%          9%          3

Your spell library contained the following spells:

 Spells                   Type           Power        Failure   Level
 Conjure Flame            Conj/Fire      11%          19%         3


Dungeon Overview and Level Annotations

Branches:
Dungeon (7/15)
 Temple: D:4-7

Altars:
Dithmenos
Fedhas
Kikubaaqudgha
Nemelex Xobeh
Trog
Uskayaw
Vehumet
Zin
The Shining One

Annotations:
D:6 2 transporters, ragingrage's ghost, weakling GrDe


Innate Abilities, Weirdness & Mutations

You cannot wear most types of armour.
You are very stealthy in the water. (Stealth+)
You are amphibious.
You can wear up to eight rings at the same time.
You can use your tentacles to constrict eight enemies at once.
Your skin changes colour to match your surroundings (Stealth+).
Your rubbery body absorbs attacks. (AC +1, EV +1)
You are agile. (Dex +2)
Your mind is acute. (Int +2)
You are strong-willed. (Will+)
You expend magic power (3 MP) to strengthen your wands.


Message History

* * * LOW HITPOINT WARNING * * *
You are more poisoned.
The killer bee poisons you!
Your shadow imp hits the killer bee.
You barely miss the killer bee. You grab the killer bee.
The killer bee is moderately wounded.
You constrict the killer bee, but do no damage.
You feel sick. The killer bee stings you.
* * * LOW HITPOINT WARNING * * *
You are lethally poisoned!
The killer bee poisons you! The killer bee stings you!
* * * LOW HITPOINT WARNING * * *
You are more poisoned.
The killer bee poisons you!
Your shadow imp hits the killer bee but does no damage.
The killer bee barely misses you.
You feel very mighty all of a sudden.
You constrict the killer bee, but do no damage.
* * * LOW HITPOINT WARNING * * *
You feel sick. The killer bee stings you!
You die...

#### #..........##
#..####(.........##
#..##..............
##>##.#...<......##
#....##........##
#.##...(........#
#.##.#..........##
#.##.#...........#
#@##.#<..5........
#5y..5............
###...............
#....#..........
##...###..≈≈≈≈≈≈≈
##....# #..≈≈≈≈≈≈≈
#..#..# ##.≈≈####.
#..#..# #.≈≈#..#8
##.#..## #.≈≈##.##


You could see a killer bee, a friendly crimson imp (summoned) and a friendly
shadow imp (summoned).

Vanquished Creatures
  Pikel (D:5)
  An ice beast (D:7)
  A phantom (D:6)
  A centaur (D:7)
  A bullfrog (D:6)
  A scorpion (D:4)
  2 killer bees
  A wight (D:6)
  2 centaur zombies (D:6)
  Crazy Yiuf (D:5)
  3 hounds
  4 orc priests
  A bullfrog skeleton (D:6)
  An iguana (D:4)
  2 orc wizards
  2 worker ants (D:6)
  A hound skeleton (D:6)
  4 gnolls
  9 adders
  An ufetubus (D:5)
  2 oozes
  An adder skeleton (D:3)
  2 worms
  A dart slug (D:1)
  2 leopard geckos
  7 orcs
  6 giant cockroaches
  7 goblins
  3 hobgoblins
  11 jackals
  4 quokkas
  2 ball pythons
  10 bats
  3 frilled lizards
  10 kobolds
  8 rats
119 creatures vanquished.

Vanquished Creatures (collateral kills)
  The ghost of FancyManDan the Chopper, an amateur HOMo of Beogh (D:4)
  A sky beast (D:5)
  An orc warrior (D:6)
  2 ice beasts
  2 ogres
  2 scorpions (D:4)
  2 killer bees (D:6)
  A wight (D:7)
  A bullfrog zombie (D:7)
  3 orc priests
  An orc wizard (D:4)
  Ijyb (D:5)
  A worker ant (D:7)
  A hound skeleton (D:4)
  An adder (D:5)
  3 gnolls (D:5)
  2 ufetubi
  A worm (D:4)
  2 leopard geckos
  12 orcs
  2 ball pythons (D:5)
  A hobgoblin (D:3)
  A jackal (D:3)
  A quokka skeleton (D:6)
46 creatures vanquished.

Vanquished Creatures (others)
  An orc (D:6)
  6 plants (D:6)
7 creatures vanquished.

Grand Total: 172 creatures vanquished

Notes
Turn   | Place    | Note
-------+----------+-------------------------------------------
     0 | D:1      | thiole the Octopode Hedge Wizard began the quest for the
                  | Orb.
     0 | D:1      | Reached XP level 1. HP: 11/11 MP: 4/4
   270 | D:1      | Reached XP level 2. HP: 17/17 MP: 3/6
   473 | D:1      | Reached skill level 3 in Stealth
   971 | D:2      | Reached XP level 3. HP: 17/21 MP: 7/7
  1207 | D:2      | Learned a level 2 spell: Call Imp
  1210 | D:2      | Learned a level 2 spell: Blink
  1213 | D:2      | Learned a level 2 spell: Slow
  1317 | D:2      | Reached XP level 4. HP: 17/27 MP: 6/9
  1679 | D:1      | Reached skill level 1 in Hexes
  1884 | D:2      | Reached XP level 5. HP: 31/31 MP: 8/10
  1913 | D:2      | Reached skill level 4 in Stealth
  2145 | D:2      | Found a bloodstained altar of Trog.
  2565 | D:3      | Reached skill level 5 in Stealth
  2821 | D:3      | Learned a level 3 spell: Mephitic Cloud
  2959 | D:3      | Reached XP level 6. HP: 34/36 MP: 7/11
  3281 | D:4      | Reached skill level 1 in Air Magic
  3323 | D:4      | Found a runed translucent gate.
  3323 | D:4      | Found a runed translucent gate.
  3429 | D:4      | Found a glowing silver altar of Zin.
  3429 | D:4      | Noticed an angel
  3510 | D:4      | Reached skill level 1 in Fighting
  3679 | D:4      | Found a runed translucent gate.
  3682 | D:4      | Noticed FancyManDan's ghost (amateur HOMo)
  3765 | D:4      | Reached XP level 7. HP: 37/43 MP: 5/13
  4316 | D:5      | Entered Level 5 of the Dungeon
  4764 | D:5      | Reached skill level 6 in Stealth
  4986 | D:5      | Reached skill level 1 in Evocations
  5161 | D:5      | Noticed Ijyb
  5174 | D:5      | Noticed Pikel
  5186 | D:5      | Killed Ijyb
  5212 | D:5      | Killed Pikel
  5213 | D:5      | Reached XP level 8. HP: 41/51 MP: 3/15
  5287 | D:5      | Found a runed translucent door.
  5288 | D:5      | Noticed Crazy Yiuf
  5423 | D:5      | Killed Crazy Yiuf
  5501 | D:4      | HP: 1/51 [orc wizard/magic dart (8)]
  5829 | D:4      | Killed FancyManDan's ghost
  5830 | D:4      | Reached skill level 7 in Stealth
  6098 | D:6      | Reached skill level 5 in Spellcasting
  6241 | D:6      | Reached skill level 1 in Poison Magic
  6415 | D:6      | Found a transporter.
  6449 | D:6      | Found a transporter.
  6468 | D:6      | Noticed ragingrage's ghost (weakling GrDe)
  7203 | D:6      | Found a sparkling altar of Nemelex Xobeh.
  7207 | D:6      | Found a radiant altar of Vehumet.
  7212 | D:6      | Found a blossoming altar of Fedhas.
  7402 | D:7      | Reached skill level 8 in Stealth
  7633 | D:7      | Found an ancient bone altar of Kikubaaqudgha.
  7649 | D:7      | Found a shadowy altar of Dithmenos.
  7649 | D:7      | Found a glowing golden altar of the Shining One.
  7649 | D:7      | Found a hide-covered altar of Uskayaw.
  7679 | D:7      | Reached XP level 9. HP: 41/58 MP: 5/17
  7907 | D:6      | Gained mutation: Your mind is acute. (Int +2) [potion of
                  | mutation]
  7907 | D:6      | Gained mutation: You are agile. (Dex +2) [potion of
                  | mutation]
  7907 | D:6      | Gained mutation: You are strong-willed. (Will+) [potion of
                  | mutation]
  7907 | D:6      | Gained mutation: You expend magic power (3 MP) to
                  | strengthen your wands. [potion of mutation]
  7909 | D:6      | HP: 4/87 [poisoned by a killer bee]
  7915 | D:6      | HP: 4/87 [poisoned by a killer bee]
  7923 | D:6      | HP: 4/87 [poisoned by a killer bee]
  9323 | D:6      | Reached skill level 9 in Stealth
  9332 | D:6      | HP: 1/60 [killer bee (7)]
  9333 | D:6      | Mangled by a killer bee

Illustrated notes

Levels and vault maps discovered:
D:1:      shiori_shiawase, layout_loops_ring, chequers_serial_rivers_room_b
D:2:      layout_basic, lemuel_round_altar
D:3:      layout_rooms, st_stairs_5
D:4:      layout_rooms, zin_angel, gammafunk_ghost_split,
          kennysheep_another_room
D:5:      layout_loops_ring, uniq_crazy_yiuf_cottage, uniq_pikel, uniq_ijyb
D:6:      layout_rooms, minmay_overflow_temple_star_quad,
          gammafunk_ghost_gnarly_gnolls, kennysheep_decorative_pillar
D:7:      layout_rooms, grunt_temple_overflow_open,
          minmay_temple_entry_proselytizer, serial_shops, nicolae_shop_crystal,
          fedhas_bush_and_centaur_altar

Skill      XL: |  1  2  3  4  5  6  7  8  9 |
---------------+----------------------------+-----
Stealth        | 3 5 6 8 9 |  9.0
Conjurations   | 2 |  2.0
Summonings     | 2 |  2.0
Hexes          | 1 2 |  2.0
Translocations | 2 |  2.0
Spellcasting   | 4 5 6 |  6.0
Air Magic      | 2 4 |  4.0
Fighting       | 1 2 4 |  4.9
Evocations     | 2 3 |  3.0
Poison Magic   | 2 |  2.0
Dodging        | |  2.0

Action                   |  1- 3 |  4- 6 |  7- 9 || total
-------------------------+-------+-------+-------++-------
Melee: Dagger            |    31 |    28 |       ||    59
       Constrict         |     9 |    19 |    23 ||    51
       Tentacles         |     4 |    12 |    28 ||    44
       Short sword       |       |    53 |   160 ||   213
 Cast: Magic Dart        |    59 |   102 |    68 ||   229
       Call Imp          |       |    18 |   126 ||   144
       Blink             |       |     1 |     2 ||     3
       Slow              |       |       |     6 ||     6
       Mephitic Cloud    |       |       |     2 ||     2
Evoke: Wand              |       |       |     5 ||     5
  Use: Scroll            |     2 |     1 |    13 ||    16
       Potion            |       |       |     5 ||     5
 Stab: Sleeping          |     1 |     1 |     3 ||     5
       Distracted        |       |       |     4 ||     4
Armor: Skin              |     2 |     7 |    13 ||    22
Dodge: Dodged            |    16 |    57 |   153 ||   226
